 Dungeon Crawl Stone Soup version 0.24.0-29-g8ce449bc06 (webtiles) character file.

Game seed: 8455387865475949837, levelgen mode: deterministic

17341 Flugslaktarn the Cleaver (level 12, -6/111 HPs)
             Began as a Deep Dwarf Fighter on Nov 15, 2019.
             Was a Priest of Makhleb.
             Mangled by a komodo dragon (19 damage)
             ... on level 4 of the Lair of Beasts.
             The game lasted 00:09:06 (9854 turns).

Flugslaktarn the Cleaver (Deep Dwarf Fighter)       Turns: 9854, Time: 00:09:07

Health: -6/111     AC: 22    Str: 24    XL:     12   Next: 18%
Magic:  0/0        EV:  4    Int: 10    God:    Makhleb [***...]
Gold:   280        SH: 18    Dex: 12    Spells: 11/11 levels left

rFire    . . .     SeeInvis .   a - +0 war axe
rCold    . . .     Gourm    .   b - +0 large shield
rNeg     . . .     Faith    .   u - +0 plate armour
rPois    .         Spirit   .   D - +0 helmet
rElec    .         Reflect  .   g - +0 cloak
rCorr    .         Harm     .   z - +0 pair of gloves
MR       ++...                  (no boots)
Stlth    ..........             (no amulet)
HPRegen  0.00/turn              m - ring of protection from magic
MPRegen  0.07/turn              p - +4 ring of protection

@: non-regenerating
A: damage resistance, heal wounds, sense surroundings 2, no regeneration
a: Heal Wounds, Minor Destruction, Lesser Servant of Makhleb, Renounce Religion


You were on level 4 of the Lair of Beasts.
You worshipped Makhleb.
Makhleb was most pleased with you.
You were not hungry.

You visited 3 branches of the dungeon, and saw 15 of its levels.

You collected 840 gold pieces.
You spent 560 gold pieces at shops.

Inventory:

Hand Weapons
 a - a +0 war axe (weapon)
Missiles
 f - 5 throwing nets (quivered)
Armour
 b - a +0 large shield (worn)
   (You found it on level 1 of the Lair of Beasts)
 g - a +0 cloak (worn)
   (You found it on level 1 of the Dungeon)
 u - a +0 plate armour (worn)
   (You found it on level 3 of the Dungeon)
 z - a +0 pair of gloves (worn)
   (You found it on level 7 of the Dungeon)
 D - a +0 helmet (worn)
   (You found it on level 2 of the Lair of Beasts)
Jewellery
 c - an uncursed amulet of faith {unknown}
   (You found it on level 2 of the Lair of Beasts)
 m - a ring of protection from magic (left hand)
   (You found it on level 2 of the Dungeon)
 p - a +4 ring of protection (right hand)
   (You found it on level 7 of the Dungeon)
Wands
 o - a wand of enslavement (15)
   (You found it on level 3 of the Dungeon)
 v - a wand of digging (8)
   (You found it on level 2 of the Lair of Beasts)
 F - a wand of scattershot (4)
   (You found it on level 3 of the Lair of Beasts)
Scrolls
 j - 4 scrolls of enchant weapon
 k - a scroll of immolation
 q - 3 scrolls of remove curse
 r - 6 scrolls of identify
 t - 2 scrolls of teleportation
 x - a scroll of fear
 y - a scroll of enchant armour
 A - 3 scrolls of magic mapping
 E - a scroll of noise {unknown}
 I - a scroll of random uselessness {unknown}
Potions
 d - 4 potions of might
 h - 5 potions of haste
 i - 2 potions of lignification
 l - 2 potions of brilliance
 n - 3 potions of flight
 s - 2 potions of agility
 w - 2 potions of heal wounds
 B - a potion of invisibility
 C - 2 potions of magic
 G - a potion of curing {unknown}
Comestibles
 e - 18 rations
 H - 3 chunks of flesh


   Skills:
 + Level 8.2 Fighting
 * Level 12.7 Axes
 + Level 9.7 Armour
 + Level 9.7 Shields
 + Level 7.0 Invocations
 + Level 7.5 Evocations


You had 11 spell levels left.
You didn't know any spells.
Your spell library was empty.

Dungeon Overview and Level Annotations

Branches:
Dungeon (10/15)            Temple (1/1) D:5            Lair (4/6) D:8
 Shoals (0/4) Lair:3        Snake (0/4) Lair:3
    Orc: D:9-12

Altars:
Ashenzari
Cheibriados
Dithmenos
Elyvilon
Fedhas
Gozag
Hepliaklqana
Kikubaaqudgha
Makhleb
Nemelex Xobeh
Okawaru
Qazlal
Ru
Sif Muna
Trog
Uskayaw
Vehumet
Wu Jian
Xom
Zin
The Shining One

Shops:
D:10 =!:

Annotations:
D:9 2 transporters


Innate Abilities, Weirdness & Mutations

You are resistant to damage.
You can heal yourself by infusing magical energy.
You passively map the area around you.
You do not regenerate.


Message History

The komodo dragon is heavily wounded.
The komodo dragon barely misses you.
You hit the komodo dragon.
The komodo dragon is heavily wounded.
The komodo dragon bites you.
* * * LOW HITPOINT WARNING * * *
You completely miss the komodo dragon.
The komodo dragon is heavily wounded.
The komodo dragon bites you but does no damage.
You hit the komodo dragon.
The komodo dragon is severely wounded.
You block the komodo dragon's attack.
You slash the komodo dragon!
The komodo dragon is almost dead.
The komodo dragon bites you!!
* * * LOW HITPOINT WARNING * * *
You hit the komodo dragon but do no damage.
The komodo dragon is almost dead.
The komodo dragon bites you!!
You die...

** ....P...#..#.##...
, ** **
##....###..#..# ,, **
, #....#........##.,
,+
,,#....##...........,
,, , ,
....#............, , ,
* ##...##รท......##..
, , #P...#........P#..
* * , ,,* ****
#...##l...+#.... ,
#.###.<.#@##.#.#PP#..
,
......................
,
*######.###P##.######.
* ##* ### ## * * ***


You could see a komodo dragon.

Vanquished Creatures
  Harold (Lair:1)
  A hydra (Lair:2)
  2 two-headed ogres
  An unseen horror (D:10)
  Joseph (D:7)
  A black mamba (Lair:3)
  2 spiny frogs
  5 trolls
  A hornet (D:7)
  14 blink frogs
  3 hippogriffs
  3 yaks (Lair:3)
  A wyvern (Lair:3)
  A basilisk (Lair:3)
  Menkaure (D:5)
  7 nagas (Lair:3)
  3 water moccasins
  3 porcupines
  A black bear (D:10)
  2 necrophages
  4 sky beasts
  2 orc warriors
  4 ice beasts
  5 phantoms
  10 wolves
  2 ogres
  A centaur (D:9)
  5 crocodiles
  8 bullfrogs
  A wyvern zombie (D:7)
  4 scorpions
  An electric eel (Lair:3)
  3 howler monkeys
  3 crimson imps
  A quasit (D:9)
  3 bullfrog zombies
  6 jellies
  10 orc priests
  7 hounds
  18 orc wizards
  Terence (D:2)
  4 worker ants
  A hound zombie (D:5)
  7 gnolls
  10 adders
  8 shadow imps
  5 oozes (D:9)
  An adder zombie (D:5)
  A worm (D:8)
  A dart slug (D:1)
  2 leopard geckos
  57 orcs
  A ball python (D:2)
  4 giant cockroaches
  7 hobgoblins
  10 jackals
  6 quokkas
  6 bats
  2 frilled lizards
  A giant cockroach zombie (D:5)
  9 goblins
  11 kobolds
  A leopard gecko skeleton (D:8)
  A leopard gecko zombie (D:6)
  4 rats
  2 plants
315 creatures vanquished.

Vanquished Creatures (collateral kills)
  A hydra (Lair:1)
1 creature vanquished.

Vanquished Creatures (others)
  A hound (D:7)
  2 fungi
  A plant (Lair:2)
4 creatures vanquished.

Grand Total: 320 creatures vanquished

Notes
Turn   | Place    | Note
-------+----------+-------------------------------------------
     0 | D:1      | Flugslaktarn the Deep Dwarf Fighter began the quest for the
                  | Orb.
     0 | D:1      | Reached XP level 1. HP: 20/20 MP: 1/1
   197 | D:1      | Reached XP level 2. HP: 24/27 MP: 2/2
   346 | D:2      | Reached skill level 3 in Axes
   346 | D:2      | Reached XP level 3. HP: 28/33 MP: 3/3
   487 | D:2      | Noticed Terence
   507 | D:2      | Killed Terence
   515 | D:2      | Reached XP level 4. HP: 29/42 MP: 4/4
   650 | D:3      | Found a sparkling altar of Nemelex Xobeh.
   668 | D:3      | Reached skill level 4 in Axes
   676 | D:3      | Reached XP level 5. HP: 38/49 MP: 4/4
   861 | D:4      | Reached XP level 6. HP: 43/56 MP: 4/4
   954 | D:4      | Reached skill level 5 in Axes
  1024 | D:4      | Found an iron altar of Okawaru.
  1109 | D:4      | Reached XP level 7. HP: 32/64 MP: 5/5
  1112 | D:4      | Found an opulent altar of Gozag.
  1158 | D:4      | Found a blossoming altar of Fedhas.
  1212 | D:4      | Found a shadowy altar of Dithmenos.
  1343 | D:5      | Entered Level 5 of the Dungeon
  1425 | D:5      | Reached skill level 6 in Axes
  1425 | D:5      | Reached skill level 5 in Armour
  1425 | D:5      | Reached skill level 5 in Shields
  1730 | D:5      | Found a staircase to the Ecumenical Temple.
  1736 | D:5      | Reached XP level 8. HP: 65/73 MP: 6/6
  1738 | D:5      | Noticed a two-headed ogre
  1817 | D:4      | Killed a two-headed ogre
  1817 | D:4      | Reached skill level 5 in Fighting
  1817 | D:4      | Reached skill level 7 in Axes
  1887 | D:5      | Reached skill level 8 in Axes
  1931 | D:5      | Noticed Menkaure
  1938 | Temple   | Entered the Ecumenical Temple
  2153 | D:5      | Killed Menkaure
  2608 | D:6      | Gained mutation: You passively map the area around you.
                  | [Deep Dwarf growth]
  2608 | D:6      | Reached XP level 9. HP: 49/81 MP: 4/4
  2721 | D:6      | Found a white marble altar of Elyvilon.
  3429 | D:7      | Noticed Joseph
  3449 | D:7      | Killed Joseph
  3449 | D:7      | Reached skill level 9 in Axes
  3732 | D:7      | Reached skill level 1 in Evocations
  3955 | D:8      | Reached skill level 10 in Axes
  4056 | D:8      | Found a staircase to the Lair.
  4246 | D:8      | Found a snail-covered altar of Cheibriados.
  4978 | D:3      | Found a hazy altar of Hepliaklqana.
  4981 | D:3      | Found a radiant altar of Vehumet.
  4984 | D:3      | Found a burning altar of Makhleb.
  5052 | D:3      | Became a worshipper of Makhleb the Destroyer
  5384 | D:9      | Found a hide-covered altar of Uskayaw.
  5386 | D:9      | Noticed a troll
  5418 | D:9      | Killed a troll
  5418 | D:9      | Reached XP level 10. HP: 54/92 MP: 3/3
  5505 | D:9      | Reached skill level 1 in Invocations
  5547 | D:9      | Noticed a two-headed ogre
  5570 | D:9      | Killed a two-headed ogre
  5643 | D:9      | Found a transporter.
  5645 | D:9      | Noticed a flayed ghost
  5645 | D:9      | Noticed an orb spider
  5645 | D:9      | a human changed into an orb spider
  5653 | D:9      | Noticed a gargoyle
  5657 | D:9      | Found a transporter.
  5657 | D:9      | Noticed a torpor snail
  5657 | D:9      | a hippogriff changed into a torpor snail
  5854 | D:9      | Noticed an ice dragon
  5862 | D:9      | Noticed a mana viper
  5862 | D:9      | a snapping turtle changed into a mana viper
  6024 | D:9      | Reached * piety under Makhleb
  6086 | D:9      | Noticed a queen ant
  6199 | D:9      | Noticed a queen ant
  6218 | D:10     | Entered Level 10 of the Dungeon
  6218 | D:10     | Found Gewillig's Book Emporium.
  6247 | D:10     | Killed an unseen horror
  6325 | D:10     | Found Yxzez's Distillery.
  6334 | D:10     | Bought 2 potions of haste for 280 gold pieces
  6334 | D:10     | Bought 2 potions of haste for 280 gold pieces
  6354 | D:10     | Reached skill level 11 in Axes
  6481 | D:10     | Found Seorr's Jewellery Shop.
  6490 | D:10     | Reached skill level 5 in Evocations
  6752 | D:10     | Reached XP level 11. HP: 84/99 MP: 2/2
  6782 | D:10     | Reached ** piety under Makhleb
  7084 | Lair:1   | Entered Level 1 of the Lair of Beasts
  7130 | Lair:1   | Noticed a six-headed hydra
  7166 | Lair:1   | Killed an eight-headed hydra
  7498 | Lair:1   | Noticed Harold
  7512 | Lair:1   | Killed Harold
  7512 | Lair:1   | Reached skill level 5 in Invocations
  8155 | Lair:2   | Noticed a seven-headed hydra
  8240 | Lair:2   | Reached skill level 12 in Axes
  8628 | Lair:2   | Killed a seven-headed hydra
  8984 | Lair:3   | Identified the +12 falchion "Ehucujosch" {slice, rPois rC-
                  | Str+10 Int-5}
  8986 | Lair:3   | Found a staircase to the Snake Pit.
  9006 | Lair:3   | Reached *** piety under Makhleb
  9065 | Lair:3   | Reached XP level 12. HP: 60/110 MP: 1/1
  9747 | Lair:3   | Found a staircase to the Shoals.
  9854 | Lair:4   | Mangled by a komodo dragon

Levels and vault maps discovered:
D:1:      matt_arrival_diagonals, layout_basic,
          wander_ebering_terrifying_dragon_lair
D:2:      minmay_chambers_of_ones, layout_loops_ring, yredelemnul_altar_generic,
          uniq_terence
D:3:      layout_basic, nicolae_overflow_crystal_walls,
          grunt_temple_overflow_diamond, kennysheep_potato
D:4:      layout_rooms, okawaru_altar_gauntlet_db, kennysheep_mini_moat,
          grunt_gozag_breadcrumbs, first_ration,
          grunt_dithmenos_smoke_and_mirrors
D:5:      minmay_recursive_quarters, layout_basic,
          minmay_temple_entry_large_hall, uniq_menkaure
D:6:      minmay_spotlight, layout_cave_pools, nicolae_overflow_hidden_temple
D:7:      minmay_razor_zed, layout_basic, uniq_joseph
D:8:      layout_loops_ring, slow_altar_1, dpeg_oklobed_lair
D:9:      gammafunk_sealed_arena, layout_small_grid, lemuel_doored_altar,
          hangedman_little_slice_of_home
D:10:     layout_loops_cross, serial_shops, nicolae_shop_waterfront,
          nicolae_shop_trees, nicolae_shop_stone, minmay_door_square
Temple:   jpeg_temple_alley_garden
Lair:1:   layout_roguey, uniq_harold
Lair:2:   layout_chaotic_city, chequers_serial_rivers_small_3
Lair:3:   layout_regular_city, elwin_shoals_entry_rooms,
          minmay_snake_entry_guardpost_medium
Lair:4:   layout_regular_city, hangedman_lair_generics_rect

Skill      XL: |  1  2  3  4  5  6  7  8  9 10 11 12 |
---------------+-------------------------------------+-----
Axes           | 3 4 5 6 8 10 11 12 | 12.7
Fighting       | 3 4 5 6 7 8 |  8.2
Armour         | 4 5 6 7 8 9 |  9.7
Shields        | 4 5 6 7 8 9 |  9.7
Evocations     | 2 5 7 |  7.5
Invocations    | 4 6 7 |  7.0

Action                   |  1- 3 |  4- 6 |  7- 9 | 10-12 || total
-------------------------+-------+-------+-------+-------++-------
Melee: War axe           |    83 |   203 |   492 |   730 ||  1508
Invok: Minor Destruction |       |       |       |     8 ||     8
 Abil: Heal Wounds       |       |     8 |    20 |    27 ||    55
Evoke: Wand              |       |       |     2 |       ||     2
  Use: Scroll            |       |       |    14 |     5 ||    19
       Potion            |       |       |       |     3 ||     3
  Eat: Chunk             |       |     2 |    14 |    16 ||    32
Armor: Scale mail        |    42 |   107 |   134 |       ||   283
       Plate armour      |       |       |    46 |   453 ||   499
       Chain mail        |       |       |    19 |       ||    19
Dodge: Dodged            |    17 |    90 |   124 |   121 ||   352
Block: Shield            |    50 |   157 |   255 |   184 ||   646
       Large shield      |       |       |       |   422 ||   422
